 Dungeon Crawl Stone Soup version 0.31-a0-233-g139696dc86 (webtiles) character file.

Game seed: 5212161758332886236

14 qw the Shooter (level 2, 0/24 HPs)
             Began as a Minotaur Hexslinger on July 8, 2023.
             Slain by a gnoll
             ... wielding a +0 club
              (6 damage)
             ... on level 1 of the Dungeon.
             The game lasted 00:00:08 (458 turns).

qw the Shooter (Minotaur Hexslinger)                 Turns: 458, Time: 00:00:09

Health: 0/24       AC:  2    Str: 12    XL:     2   Next: 27%
Magic:  2/2        EV: 12    Int: 10    God:
Gold:   16         SH:  0    Dex: 12    Spells: 2/3 levels left

rFire   . . .        a - +1 sling
rCold   . . .        (no shield)
rNeg    . . .        c - +0 robe
rPois   .            (helmet restricted)
rElec   .            (no cloak)
rCorr   .            (no gloves)
SInv    .            (no boots)
Will    .....        (no amulet)
Stlth   +            (no ring)
HPRegen 0.24/turn    (no ring)
MPRegen 0.08/turn

%: no passive effects
@: no status effects
A: horns 2, retaliatory headbutt
a: no special abilities


You were on level 1 of the Dungeon.
You visited 1 branch of the dungeon, and saw 1 of its levels.

You collected 16 gold pieces.


Innate Abilities, Weirdness & Mutations

You have a pair of horns on your head.
You reflexively headbutt those who attack you in melee.


   Skills:
 + Level 1.9 Fighting
 - Level 3.0 Ranged Weapons
 - Level 2.1 Dodging
 - Level 1.0 Spellcasting
 - Level 2.0 Hexes


You had 2 spell levels left.
You knew the following spells:

 Your Spells              Type           Power      Damage    Failure   Level
a - Slow                  Hex            16%        N/A       16%         1

Your spell library contained the following spells:

 Spells                   Type           Power      Damage    Failure   Level
 Inner Flame              Hex/Fire       2%         N/A       56%         3
 Portal Projectile        Hex/Tloc       4%         N/A       56%         3
 Cause Fear               Hex            2%         N/A       83%         4

Inventory:

Hand Weapons
 a - a +1 sling (weapon)
Armour
 c - a +0 robe (worn)
 d - a +0 leather armour
Scrolls
 b - a scroll of poison
 f - a scroll of revelation {unknown}
Potions
 e - a potion of magic {unknown}
 g - a potion of degeneration {unknown}

Dungeon Overview and Level Annotations

Branches:
Dungeon (1/15)

Altars:

Shops:
D:1 *


Message History

Enter note:
Enter note:
There is a stone staircase leading down here.
A frilled lizard comes into view.
Enter note:
Enter note: You shoot a sling bullet.
The sling bullet hits the frilled lizard.
You kill the frilled lizard!
A frilled lizard comes into view.
Enter note:
Enter note: You shoot a sling bullet.
The sling bullet hits the frilled lizard!
You kill the frilled lizard!
A gnoll comes into view. It is wielding a +0 club.
Enter note:
Enter note: You shoot a sling bullet.
The sling bullet barely misses the gnoll.
You shoot a sling bullet. The sling bullet hits the gnoll.
The gnoll is moderately wounded.
The gnoll barely misses you.
You shoot a sling bullet.
The sling bullet closely misses the gnoll.
The gnoll barely misses you.
You shoot a sling bullet.
The sling bullet barely misses the gnoll.
The gnoll hits you with a +0 club!
You shoot a sling bullet.
The sling bullet barely misses the gnoll.
The gnoll hits you with a +0 club.
You shoot a sling bullet.
The sling bullet completely misses the gnoll.
The gnoll closely misses you. You furiously retaliate!
You headbutt the gnoll. The gnoll hits you with a +0 club.
You shoot a sling bullet.
The sling bullet closely misses the gnoll.
The gnoll hits you with a +0 club.
You die...

.............#.#
#......#
##......######.#
#......#
#......##.....#
#......#
#......##.#####
#......#
#......##.# ..
#......#
#......##.# .#
########
#......##.# .#
#########.###g#
#...@.# #######


You could see a gnoll.

Vanquished Creatures
  5 ball pythons (D:1)
  A hobgoblin (D:1)
  A kobold (D:1)
  2 bats (D:1)
  4 frilled lizards (D:1)
13 creatures vanquished.

Notes
Turn   | Place    | Note
-------+----------+-------------------------------------------
     0 | D:1      | qw the Minotaur Hexslinger began the quest for the Orb.
     0 | D:1      | Reached XP level 1. HP: 16/16 MP: 1/1
     0 | D:1      | 0 ||| qw: Version: 0.3-a-46-gb1f654a
     0 | D:1      | 0 ||| qw: Game counter: 3559
     0 | D:1      | 0 ||| qw: Melee chars always use a shield: true
     0 | D:1      | 0 ||| qw: God list: Okawaru
     0 | D:1      | 0 ||| qw: Allow faded altars: false
     0 | D:1      | 0 ||| qw: Do Orc after clearing Dungeon:15 true
     0 | D:1      | 0 ||| qw: Do second Lair branch before Depths: true
     0 | D:1      | 0 ||| qw: Lair rune preference: random
     0 | D:1      | 0 ||| qw: Goals: Normal
     0 | D:1      | 0 ||| PLANNING D:1-11
   248 | D:1      | Found Veac Cir's Assorted Antiques.
   254 | D:1      | 254 ||| SHOPLISTING fine steel amulet (130 gold, have 0).
   254 | D:1      | 254 ||| SHOPLISTING golden potion (23 gold, have 0).
   254 | D:1      | 254 ||| SHOPLISTING scroll labelled UTAF OPERU (26 gold,
                  | have 0).
   254 | D:1      | 254 ||| SHOPLISTING shimmering bronze ring (130 gold, have
                  | 0).
   254 | D:1      | 254 ||| SHOPLISTING viscous cyan potion (23 gold, have 0).
   293 | D:1      | Reached skill level 3 in Ranged Weapons
   332 | D:1      | Reached XP level 2. HP: 23/23 MP: 2/2
   457 | D:1      | HP: 6/24 [gnoll/+0 club (4)]
   458 | D:1      | Slain by a gnoll

Levels and vault maps discovered:
D:1:      kilobyte_arrival_exit_the_forest, layout_basic, serial_shops,
          nicolae_shop_rolling_square

Skill      XL: |  1 |
---------------+----+-----
Ranged Weapons | 3 |  3.0
Fighting       | |  1.9
Dodging        | |  2.1
Spellcasting   | |  1.0
Hexes          | |  2.0

Action                     || total
---------------------------++-------
   Fire: Sling             ||    40
 Armour: Robe              ||     3
  Dodge: Dodged            ||    10

Table legend:
 A = Non-vault XP
 B = Vault XP
 C = Vault XP percentage of total XP
 D = Non-vault monster count
 E = Vault monster count
 F = Vault count percentage of total count
                 A         B        C        D         E       F
            +---------+---------+-------+---------+---------+-------
      Total |      20 |       0 |   0.0 |      13 |       0 |   0.0
            +---------+---------+-------+---------+---------+-------
        D:1 |      20 |       0 |   0.0 |      13 |       0 |   0.0
            +---------+---------+-------+---------+---------+-------
